 Dungeon Crawl Stone Soup version 0.18-a0-741-gff759c7 (webtiles) character file.

221202 Celerity the Unseen (level 19, -1/127 HPs)
             Began as an Octopode Warper on Dec 10, 2015.
             Was a High Priest of Pakellas.
             Killed from afar by a merfolk aquamancer (31 damage)
             ... with a shard of ice
             ... on level 4 of the Shoals on Dec 11, 2015.
             The game lasted 04:21:06 (61969 turns).

Celerity the Unseen (Octopode Warper)              Turns: 61969, Time: 04:21:06

Health: -1/127     AC: 10    Str: 13    XL:     19   Next: 20%
Magic:  13/30      EV: 22    Int: 23    God:    Pakellas [*****.]
Gold:   1843       SH:  0    Dex: 15    Spells: 8 memorised, 5 levels left

rFire  . . .     SeeInvis +     a - +8 glaive of the Guard {elec, +Rage AC+5 SInv}
rCold  + . .     Clarity  .     (shield currently unavailable)
rNeg   + . .     SustAt   +     (helmet restricted)
rPois  +         Gourm    .     P - amulet of faith
rElec  +         Spirit   .     I - ring of protection from cold
rCorr  .         Dismiss  .     U - +4 ring of protection
rMut   .         Stasis   .     f - ring "Luer Tai" {SustAt +Blink rElec rPois Stlth-}
MR     +....                    T - ring of positive energy
Stlth  ++++++++..               Z - +4 ring of intelligence
                                c - ring of see invisible
                                (no ring)
                                (no ring)

@: very slightly contaminated, invisible, somewhat resistant to hostile
enchantments, extraordinarily stealthy
A: almost no armour, amphibious, 8 rings, constrict 8, camouflage 1, strong 1,
gelatinous body 1
a: Quick Charge, Device Surge, Renounce Religion, Evoke Blink, Evoke Berserk
Rage
}: 1/15 runes: gossamer


You were on level 4 of the Shoals.
You worshipped Pakellas.
Pakellas was extremely pleased with you.
You were not hungry.

You visited 6 branches of the dungeon, and saw 35 of its levels.
You also visited: Ossuary and Ice Cave.

You collected 4258 gold pieces.
You spent 2415 gold pieces at shops.

Inventory:

Hand Weapons
 a - the +8 glaive of the Guard (weapon) {elec, +Rage AC+5 SInv}
   (You bought it in a shop on level 3 of the Shoals)

   Occasionally, upon striking a foe, it will discharge some electrical energy
   and cause terrible harm.
   It affects your AC (+5).
   It lets you see invisible.
   It lets you go berserk.
 b - a +2 dagger of draining
 x - a +2 demon trident of freezing
Rods
 d - a +4 rod of inaccuracy (12/12)
   (Pakellas gifted it to you on level 1 of the Lair of Beasts)
 e - a +6 lightning rod (13/13)
   (Pakellas gifted it to you on level 8 of the Lair of Beasts)
Jewellery
 c - a ring of see invisible (on tentacle)
 f - the ring "Luer Tai" (on tentacle) {SustAt +Blink rElec rPois Stlth-}
   (You found it in an ice cave)

   [ring of sustain attributes]

   It sustains your strength, intelligence and dexterity.
   It insulates you from electricity.
   It protects you from poison.
   It lets you blink.
   It makes you less stealthy.
 I - a ring of protection from cold (left tentacle)
 P - an amulet of faith (around mantle)
 T - a ring of positive energy (on tentacle)
 U - a +4 ring of protection (right tentacle)
 Z - a +4 ring of intelligence (on tentacle)
Wands
 n - a wand of paralysis (6)
 t - a wand of cold (6)
 v - a wand of lightning (3)
 C - a wand of digging (4)
 L - a wand of teleportation (4)
 N - a wand of draining (2)
 S - a wand of enslavement (3)
 V - a wand of invisibility (0)
 W - a wand of heal wounds (2)
Scrolls
 m - 13 scrolls of remove curse
 r - 3 scrolls of teleportation
 w - a scroll of silence
 y - 2 scrolls of recharging
 z - 6 scrolls of fog
 D - 3 scrolls of vulnerability
 E - 4 scrolls of fear
 X - a scroll of identify
 Y - a scroll of enchant armour
Potions
 g - 8 potions of curing
 i - 9 potions of ambrosia
 k - a potion of might
 o - 4 potions of magic
 p - 4 potions of haste
 q - 7 potions of heal wounds
 u - a potion of resistance
 A - 4 potions of cancellation
 R - 3 potions of lignification
Miscellaneous
 h - a fan of gales (inert)
 j - a stone of tremors
 l - a disc of storms
 s - a legendary deck of changes {the Potion}
 B - a box of beasts {used: 1}
 M - a lamp of fire
 O - a phantom mirror
 Q - a box of beasts
Comestibles
 F - a bread ration
 J - 11 beef jerkies
 K - 3 meat rations


   Skills:
 + Level 10.4 Fighting
 - Level 9.8(10.0) Short Blades
   Level 3.3(7.1) Long Blades
 * Level 15.3 Polearms
 - Level 1.0 Throwing
 - Level 15.3 Dodging
 - Level 18.0 Stealth
   Level 4.4 Shields
 - Level 4.3 Spellcasting
 - Level 4.0 Hexes
 - Level 2.2 Charms
 - Level 6.1 Translocations
 - Level 3.0 Transmutations
 - Level 3.3 Earth Magic
 - Level 15.6 Evocations


You had 5 spell levels left.
You knew the following spells:

 Your Spells              Type           Power        Failure   Level  Hunger
a - Apportation           Tloc           ####......   1%          1    None
c - Shroud of Golubria    Chrm/Tloc      ###.......   2%          2    #......
d - Dazzling Spray        Conj/Hex       ##......     14%         3    ##.....
e - Teleport Other        Tloc           ####....     2%          3    ##.....
l - Blink                 Tloc           N/A          1%          2    #......
q - Passage of Golubria   Tloc           N/A          10%         4    ####...
t - Tukima's Dance        Hex            ###.....     8%          3    ##.....
z - Passwall              Trmt/Erth      ###.......   10%         3    ##.....


Dungeon Overview and Level Annotations

Branches:
Dungeon (14/15)            Temple (1/1) D:7            Lair (8/8) D:10
 Shoals (4/4) Lair:6       Spider (4/4) Lair:4        Slime (0/6) Lair:7
    Orc (4/4) D:12            Elf (0/3) Orc:4        Vaults (0/5) D:14

Altars:
Ashenzari
Cheibriados
Dithmenos
Elyvilon
Fedhas
Gozag
Kikubaaqudgha
Makhleb
Nemelex Xobeh
Okawaru
Pakellas
Qazlal
Ru
Sif Muna
Trog
Vehumet
Xom
Yredelemnul
Zin
The Shining One
Jiyva

Shops:
D:9 =   Orc:2 %   Orc:4 [[%!:   Shoals:3 (

Annotations:
D:14 Azrael
Shoals:4 Ilsuiw
Spider:3 exclusion: Roxanne, Roxanne
Orc:2 Rupert


Innate Abilities, Weirdness & Mutations

You cannot wear most types of armour.
You are amphibious.
You can wear up to eight rings at the same time.
You can use your tentacles to constrict eight enemies at once.
Your skin changes colour to match your surroundings (Stealth).
Your rubbery body absorbs attacks (AC +1).
Your muscles are strong. (Str +2)


Message History

You feel a buildup of energy.
You feel somewhat more hungry.
Evoke which item? (* to show all) (? for menu, Esc to quit)
The disc erupts in an explosion of electricity!
The zap misses you.
The zap hits the plant.
The plant is moderately damaged.
The orb of electricity explodes!
The orb of electricity engulfs you! You resist.
The orb of electricity engulfs the harpy.
The harpy is lightly wounded.
The orb of electricity engulfs the harpy.
The harpy is severely wounded.
You hear an angry hiss.
You hear a shout!
You hear a shout!
The harpy completely misses you. The harpy claws you but does no damage.
The harpy claws you!
* * * LOW HITPOINT WARNING * * *
The harpy misses you.
The merfolk aquamancer casts a spell at you.
The shard of ice hits you! You partially resist.
You die...

≈≈≈≈≈≈≈≈≈≈≈≈≈≈≈
≈≈≈≈≈≈≈≈≈≈≈≈≈≈≈
≈≈≈≈≈≈H≈≈≈≈≈≈≈≈
≈≈≈≈m≈≈≈≈≈≈H≈≈≈
≈≈≈≈≈≈≈≈≈≈PPPPP
≈≈≈≈≈≈m≈≈≈P≈≈≈≈
≈≈≈≈≈≈≈≈≈≈≈P...
≈≈≈≈≈≈≈HH§§....
≈§≈≈≈≈≈@≈......
≈≈≈≈≈.#.#####.P
≈≈≈≈..### ≈≈≈..
≈≈§t# ≈≈.. ...


You could see a merfolk aquamancer, a merfolk and 4 harpies.

Vanquished Creatures
  Nikola (Spider:2)
  Asterion (Spider:2)
  A kraken (Shoals:2)
  Frances (Shoals:2)
  Polyphemus (Shoals:2)
  Wiglaf (Spider:3)
  Donald (Orc:4)
  5 ghost moths
  4 emperor scorpions
  The ghost of zercules the Impaler, a journeyman HOGl of Beogh (Lair:5)
  Nessos (Orc:4)
  4 spark wasps
  2 merfolk javelineers
  A fire dragon (Lair:8)
  Erolcha (D:12)
  13 merfolk impalers
  Josephine (Orc:4)
  2 ice dragons (IceCv)
  2 centaur warriors
  2 entropy weavers
  A catoblepas (Shoals:2)
  2 satyrs
  A merfolk avatar (Shoals:2)
  2 alligator snapping turtles
  3 merfolk aquamancers
  11 hydras
  17 death yaks
  3 orc high priests (Orc:4)
  7 skeletal warriors
  2 hill giants
  11 sea snakes
  5 orc sorcerers (Orc:4)
  Pikel (D:7)
  24 orb spiders
  11 harpies
  2 oklob plants (D:10)
  16 griffons
  4 water nymphs
  4 orc knights (Orc:4)
  25 wolf spiders
  5 ugly things
  3 cyclopes
  9 fauns
  6 hornets
  3 moths of wrath
  11 sirens
  9 manticores
  5 black mambas
  3 torpor snails
  A centaur skeleton (D:11)
  2 ice statues (IceCv)
  3 elephants (Lair:4)
  17 spiny frogs
  11 komodo dragons
  9 demonic crawlers
  45 merfolk
  3 fire drakes
  A two-headed ogre (D:11)
  7 trolls
  4 wind drakes
  2 raiju (Lair:8)
  10 polar bears
  Prince Ribbit (D:5)
  2 boulder beetles
  10 slime creatures
  15 jumping spiders
  16 blink frogs
  4 snapping turtles
  Sigmund (D:5)
  26 trapdoor spiders
  A shadow (D:12)
  3 wyverns
  4 wraiths
  53 redbacks
  A deep elf mage (D:12)
  64 yaks
  22 tarantellas
  9 water elementals
  The ghost of Ninjinzu the Chucker, an amateur MiHu (D:4)
  4 basilisks
  A vampire mosquito (D:13)
  3 hungry ghosts
  Menkaure (D:5)
  8 hippogriffs
  13 swamp worms (Lair:5)
  16 wolves
  16 water moccasins
  3 mottled dragons
  3 hell hounds (Lair:8)
  Duvessa (D:7)
  2 swamp drakes (Lair:8)
  12 wargs
  4 sky beasts
  15 black bears
  17 orc warriors
  8 porcupines
  28 ice beasts
  8 ogres
  3 wasps
  2 phantoms
  15 crocodiles
  20 centaurs
  An elf zombie (Ossuary)
  A wyvern zombie (D:10)
  2 gnoll sergeants
  3 big kobolds
  17 giant frogs
  A water moccasin skeleton (D:7)
  A wyvern skeleton (D:6)
  Dowan (D:7)
  3 electric eels
  6 scorpions
  17 killer bees
  9 wights (D:13)
  The ghost of inqbanana the Insei, a weakling OpTm (D:3)
  5 crimson imps
  2 centaur zombies
  2 giant frog zombies
  2 quasits
  17 hounds
  5 jellies
  22 orc priests
  26 orc wizards
  13 iguanas
  13 worker ants
  Natasha (thrice) (D:2 D:3)
  A killer bee zombie (D:6)
  17 sheep
  2 big kobold zombies (Ossuary)
  2 hound zombies (D:8)
  2 hound skeletons
  2 mummies (Ossuary)
  15 gnolls
  15 adders
  38 river rats
  A shadow imp (D:5)
  4 oozes
  4 adder zombies
  7 worms
  10 giant geckos
  163 orcs
  5 goblins
  5 hobgoblins
  3 quokkas
  14 bats
  6 giant cockroaches
  2 giant gecko skeletons
  6 giant newts
  2 goblin zombies (Ossuary)
  8 hobgoblin zombies (Ossuary)
  12 jackals
  13 kobolds
  10 kobold zombies (Ossuary)
  9 orc zombies (Ossuary)
  8 rats
  3 rat zombies
  A fungus (Lair:7)
  7 plants
  A tentacle (Shoals:2)
1374 creatures vanquished.

Vanquished Creatures (collateral kills)
  2 merfolk avatars
  A merfolk aquamancer (Shoals:3)
  A skeletal warrior (D:12)
  A sea snake (Shoals:3)
  2 orb spiders (Spider:1)
  2 wolf spiders
  A water nymph (Shoals:3)
  2 manticores (Shoals:4)
  A siren (Shoals:2)
  A moth of wrath (Spider:4)
  A jumping spider (Spider:3)
  8 merfolk
  A blink frog (Lair:7)
  11 redbacks
  3 trapdoor spiders
  2 snapping turtles (Shoals:4)
  4 water elementals
  6 tarantellas
  A steam dragon (Lair:8)
51 creatures vanquished.

Vanquished Creatures (others)
  A merfolk impaler (Shoals:3)
  A satyr (Shoals:4)
  A sea snake (Shoals:4)
  9 wolf spiders
  A griffon (Shoals:4)
  A hornet (Spider:4)
  A slime creature (D:13)
  A redback (Spider:3)
  A tarantella (Spider:3)
  An ice beast (D:7)
  A phantom (D:7)
  3 slaves (D:7)
  A worker ant (D:7)
  A ball python (D:7)
  A giant newt (D:7)
  A bush (Lair:5)
  87 fungi
  53 plants
  23 tentacles (Shoals:2)
  467 tentacle segments (Shoals:2)
656 creatures vanquished.

Grand Total: 2081 creatures vanquished

Notes
Turn   | Place    | Note
--------------------------------------------------------------
     0 | D:1      | Celerity the Octopode Warper began the quest for the Orb.
     0 | D:1      | Reached XP level 1. HP: 14/14 MP: 3/3
   538 | D:1      | Reached XP level 2. HP: 19/19 MP: 5/5
   545 | D:1      | Learned a level 2 spell: Blink
   548 | D:1      | Learned a level 2 spell: Shroud of Golubria
   914 | D:2      | Noticed Natasha
   932 | D:2      | Killed Natasha
   932 | D:2      | Reached XP level 3. HP: 10/24 MP: 4/6
  1145 | D:2      | Noticed Natasha
  1169 | D:2      | Killed Natasha
  1245 | D:2      | Reached skill level 1 in Short Blades
  1542 | D:2      | Reached XP level 4. HP: 29/29 MP: 7/7
  1949 | D:2      | Reached skill level 1 in Charms
  2424 | D:3      | Noticed inqbanana's ghost (weakling OpTm)
  2561 | D:3      | Noticed Natasha
  2573 | D:3      | Killed Natasha
  2768 | D:3      | Reached XP level 5. HP: 31/34 MP: 8/8
  2863 | D:3      | Found a faded altar to an unknown god.
  3010 | D:4      | Reached skill level 4 in Translocations
  3379 | D:5      | Entered Level 5 of the Dungeon
  3387 | D:5      | Noticed Menkaure
  3393 | D:5      | Killed Menkaure
  3393 | D:5      | Reached XP level 6. HP: 37/39 MP: 9/9
  3401 | D:5      | Learned a level 4 spell: Passage of Golubria
  3513 | D:5      | Reached XP level 7. HP: 35/45 MP: 7/10
  3553 | D:5      | Found a sand-covered staircase.
  3575 | Ossuary  | Entered an ossuary
  3906 | Ossuary  | Reached skill level 5 in Stealth
  4568 | D:6      | Reached skill level 6 in Stealth
  4603 | D:6      | Reached XP level 8. HP: 28/50 MP: 9/11
  4685 | D:6      | Found a shimmering altar of Xom.
  4687 | D:6      | Found a shimmering altar of Xom.
  4789 | D:6      | Reached skill level 5 in Short Blades
  4789 | D:6      | Reached skill level 7 in Stealth
  4947 | D:6      | Reached skill level 8 in Stealth
  5964 | D:6      | Reached skill level 9 in Stealth
  6274 | D:7      | Noticed Dowan
  6276 | D:7      | Killed Dowan
  6277 | D:7      | Noticed Duvessa
  6540 | D:7      | Noticed Pikel
  6815 | D:7      | Reached skill level 5 in Translocations
  7242 | D:7      | Killed Pikel
  7242 | D:7      | Reached XP level 9. HP: 41/54 MP: 8/14
  7259 | D:7      | Found a staircase to the Ecumenical Temple.
  7597 | D:7      | Found an opulent altar of Gozag.
  7625 | Temple   | Entered the Ecumenical Temple
  7669 | Temple   | Became a worshipper of Pakellas the Inventive
  7686 | Temple   | Learned a level 3 spell: Teleport Other
  7788 | D:5      | Noticed Prince Ribbit
  7805 | D:5      | Killed Prince Ribbit
  8269 | D:5      | Noticed Sigmund
  8270 | D:5      | Killed Sigmund
  8320 | D:5      | Reached skill level 10 in Stealth
  9049 | D:3      | Killed inqbanana's ghost
  9556 | D:4      | Noticed Ninjinzu's ghost (amateur MiHu)
  9561 | D:4      | Killed Ninjinzu's ghost
  9631 | D:4      | Reached XP level 10. HP: 60/60 MP: 9/16
  9705 | D:7      | Killed Duvessa
 10220 | D:7      | Reached * piety under Pakellas
 10746 | D:8      | Found a shattered altar of Ashenzari.
 10842 | D:8      | Reached skill level 11 in Stealth
 11209 | D:8      | Reached skill level 5 in Dodging
 11302 | D:8      | Reached skill level 1 in Evocations
 11304 | D:8      | Reached ** piety under Pakellas
 11304 | D:8      | Received a gift from Pakellas
 12351 | D:9      | Found Ezeil's Jewellery Boutique.
 12367 | D:9      | Bought an uncursed amulet of faith for 440 gold pieces
 12457 | D:9      | Noticed a hill giant
 12466 | D:9      | Killed a hill giant
 12921 | D:10     | Entered Level 10 of the Dungeon
 13087 | D:10     | Reached skill level 5 in Evocations
 13212 | D:9      | Reached *** piety under Pakellas
 13212 | D:9      | Reached XP level 11. HP: 60/64 MP: 15/17
 13884 | D:10     | Found a staircase to the Lair.
 14679 | Lair:1   | Entered Level 1 of the Lair of Beasts
 14968 | Lair:1   | Reached **** piety under Pakellas
 14968 | Lair:1   | Received a gift from Pakellas
 15725 | Lair:2   | Reached skill level 1 in Shields
 16516 | Lair:2   | Got a brightly glowing glaive
 16522 | Lair:2   | Identified the +11 glaive of Wrongful Imprisonment {venom, rF+} (You found it on level 2 of the Lair of Beasts)
 16543 | Lair:2   | Reached skill level 1 in Polearms
 16638 | Lair:2   | Reached XP level 12. HP: 72/72 MP: 12/18
 17496 | Lair:3   | Identified a +4 rod of inaccuracy (12/12) (Pakellas gifted it to you on level 1 of the Lair of Beasts)
 17523 | Lair:3   | Reached skill level 5 in Polearms
 17582 | Lair:3   | Noticed a four-headed hydra
 17752 | Lair:3   | Noticed a five-headed hydra
 17757 | Lair:3   | Killed a five-headed hydra
 17876 | Lair:3   | Killed a four-headed hydra
 18160 | Lair:4   | Gained mutation: Your muscles are strong. (Str +2) [potion of beneficial mutation]
 18231 | Lair:4   | Noticed a six-headed hydra
 18278 | Lair:3   | Noticed a four-headed hydra
 18291 | Lair:3   | Killed a four-headed hydra
 18857 | Lair:4   | Found a hole to the Spider Nest.
 18918 | Lair:4   | Killed a six-headed hydra
 18918 | Lair:4   | Reached skill level 10 in Polearms
 19164 | Lair:4   | Reached XP level 13. HP: 55/76 MP: 8/19
 19830 | Lair:5   | Noticed zercules's ghost (journeyman HOGl)
 19922 | Lair:5   | Killed zercules's ghost
 21141 | Lair:5   | Reached skill level 12 in Polearms
 21409 | Lair:5   | Got a brightly glowing quarterstaff
 21522 | Lair:5   | Identified the cursed +1 quarterstaff "Xaxilyve" {vamp, rPois Str-5 Stlth+} (You found it on level 5 of the Lair of Beasts)
 22736 | Lair:5   | Found a glowing silver altar of Zin.
 22871 | Lair:6   | Reached skill level 5 in Fighting
 23088 | Lair:6   | Found a staircase to the Shoals.
 23689 | Lair:6   | Reached skill level 10 in Evocations
 24513 | Lair:7   | Reached XP level 14. HP: 65/90 MP: 21/21
 24947 | Lair:7   | Found a viscous altar of Jiyva.
 24947 | Lair:7   | Found a staircase to the Slime Pits.
 25246 | Lair:7   | Reached ***** piety under Pakellas
 26036 | Lair:8   | Entered Level 8 of the Lair of Beasts
 26123 | Lair:8   | Got an ichor-stained quarterstaff
 26124 | Lair:8   | Identified the cursed +1 quarterstaff of Pride {distort, MP+9 Dex+3 Stlth+} (You found it on level 8 of the Lair of Beasts)
 26218 | Lair:8   | Received a gift from Pakellas
 26730 | Lair:8   | Reached skill level 13 in Polearms
 28550 | Lair:8   | Learned a level 3 spell: Passwall
 28739 | Lair:8   | Reached skill level 1 in Earth Magic
 28947 | Lair:8   | Reached skill level 1 in Transmutations
 29291 | Lair:8   | Identified a scroll of acquirement
 29378 | Lair:8   | Reached XP level 15. HP: 94/97 MP: 24/24
 29929 | D:11     | Found a frozen archway.
 29966 | IceCv    | Entered an ice cave
 30260 | IceCv    | Reached skill level 14 in Polearms
 31020 | IceCv    | Got a shimmering marble ring
 31060 | IceCv    | Identified the ring "Luer Tai" {SustAt +Blink rElec rPois Stlth-} (You found it in an ice cave)
 32410 | D:12     | Received a gift from Pakellas
 33031 | D:12     | Noticed Erolcha
 33038 | D:12     | Killed Erolcha
 33119 | D:12     | Reached skill level 10 in Dodging
 33806 | D:12     | Found a staircase to the Orcish Mines.
 33816 | Orc:1    | Entered Level 1 of the Orcish Mines
 34313 | Orc:2    | Found Koddou's Food Shoppe.
 35443 | Orc:3    | Found a burning altar of Makhleb.
 36018 | Orc:2    | Noticed Rupert
 36186 | Orc:4    | Entered Level 4 of the Orcish Mines
 36199 | Orc:4    | Noticed Nessos
 36205 | Orc:4    | Killed Nessos
 36336 | Orc:4    | Noticed Donald
 36716 | Orc:4    | Killed Donald
 36740 | Orc:4    | Found Itirph's Book Boutique.
 37023 | Orc:4    | Found a staircase to the Elven Halls.
 37277 | Orc:4    | Noticed Josephine
 37283 | Orc:4    | Killed Josephine
 37442 | Orc:4    | Received a gift from Pakellas
 38495 | Orc:4    | Found Xudem's Distillery.
 38536 | Orc:4    | Found Funo Meh's Armour Shop.
 38538 | Orc:4    | Found Usat Abe's Armour Shop.
 38538 | Orc:4    | Found Hoaf's Food Emporium.
 38568 | Orc:4    | Bought a potion of curing for 42 gold pieces
 38568 | Orc:4    | Bought 2 potions of heal wounds for 140 gold pieces
 38568 | Orc:4    | Bought 2 potions of curing for 84 gold pieces
 38568 | Orc:4    | Bought a potion of haste for 140 gold pieces
 38627 | Orc:4    | Bought a book of Maledictions for 375 gold pieces
 38631 | Orc:4    | Learned a level 3 spell: Dazzling Spray
 38635 | Orc:4    | Learned a level 3 spell: Tukima's Dance
 38645 | Orc:4    | Reached XP level 16. HP: 95/104 MP: 13/25
 39106 | D:12     | Found a basalt altar of Yredelemnul.
 39199 | D:13     | Reached ****** piety under Pakellas
 39212 | D:13     | Got a warped quarterstaff
 39213 | D:13     | Identified the +8 quarterstaff "Giantbane" {venom, rC+ Int+3 Dex-5} (You found it on level 13 of the Dungeon)
 40783 | D:14     | Found a gate to the Vaults.
 40783 | D:14     | Noticed Azrael
 40952 | Spider:1 | Entered Level 1 of the Spider Nest
 42761 | Spider:1 | Reached skill level 1 in Hexes
 43657 | Spider:2 | Noticed Asterion
 43741 | Spider:2 | Killed Asterion
 43890 | Spider:2 | Noticed Wiglaf
 44195 | Spider:2 | Noticed Nikola
 44996 | Spider:2 | Received a gift from Pakellas
 45340 | Spider:2 | Killed Nikola
 45790 | Spider:3 | HP: 3/108 [redback (10)]
 46574 | Spider:2 | Reached XP level 17. HP: 65/113 MP: 13/27
 46981 | Spider:3 | Killed Wiglaf
 47415 | Spider:3 | Noticed Roxanne
 48105 | Spider:4 | Entered Level 4 of the Spider Nest
 50302 | Spider:4 | Got a twisted great sword
 50303 | Spider:4 | Identified the cursed +1 great sword "Ogrebane" {elec, +Rage} (You found it on level 4 of the Spider Nest)
 50990 | Spider:4 | Reached skill level 15 in Stealth
 51487 | Spider:4 | Received a gift from Pakellas
 51886 | Spider:4 | Got a gossamer rune of Zot
 52565 | Shoals:1 | Entered Level 1 of the Shoals
 52957 | Shoals:1 | Reached skill level 16 in Stealth
 53213 | Shoals:1 | Reached XP level 18. HP: 103/119 MP: 15/28
 54375 | Shoals:2 | Noticed Polyphemus
 54674 | Shoals:2 | Killed Polyphemus
 55281 | Shoals:2 | Reached skill level 17 in Stealth
 55400 | Shoals:2 | Noticed Frances
 55498 | Shoals:2 | Killed Frances
 55599 | Shoals:2 | Reached skill level 15 in Dodging
 56678 | Shoals:2 | Found an opulent altar of Gozag.
 57036 | Shoals:2 | HP: 4/119 [tentacle[a kraken] (22)]
 58479 | Shoals:3 | Reached skill level 15 in Evocations
 59571 | Shoals:3 | Found Ruwepecite's Weapon Emporium.
 59614 | Shoals:3 | Bought the +8 glaive of the Guard {elec, +Rage AC+5 SInv} for 1194 gold pieces
 59960 | Shoals:3 | Reached skill level 18 in Stealth
 60540 | Shoals:3 | Reached skill level 10 in Fighting
 60892 | Shoals:4 | Entered Level 4 of the Shoals
 60898 | Shoals:4 | Reached XP level 19. HP: 126/126 MP: 13/30
 60930 | Shoals:4 | Received a gift from Pakellas
 61098 | Shoals:4 | Reached skill level 15 in Polearms
 61958 | Shoals:4 | Noticed Ilsuiw
 61969 | Shoals:4 | Killed from afar by a merfolk aquamancer

Vault maps used:
D:1:      dpeg_arrival_boxes_within_box
D:2:      first_bread, serial_bayou_lagoon_b, uniq_natasha
D:3:      ecumenical_altar_1
D:4:      minmay_door_square
D:5:      enter_ossuary_3, uniq_sigmund, uniq_prince_ribbit1, uniq_menkaure
D:6:      gup_sewer_entry_bowl, eino_small_chamber_without_monster,
          xom_redecorated
D:7:      lemuel_crystal_altar, minmay_temple_entry_statues_fountains,
          uniq_pikel, uniq_duvessa
D:8:      old_forge, old_standard_altar, serial_curves, eino_curves_03,
          eino_curves_01
D:9:      serial_shops, shop
D:10:     dpeg_oklobed_lair
D:11:     portal_ice_cave_entry_ice_beasts
D:12:     orc_0_dummy, basic_altar, uniq_erolcha
D:13:     kennysheep_generic_room_2
D:14:     david_vaults_2, serial_shops, nicolae_shop_behind_doors,
          grunt_dithmenos_shadows, uniq_azrael
Temple:   kilobyte_greek_temple_18
Lair:3:   st_stairs_10
Lair:4:   spider_nest_entry_a
Lair:5:   basic_altar, worms_lemuel, bh_autumn_forest_stairs
Lair:6:   elwin_shoals_entry_rooms
Lair:7:   dpeg_slime_entry_enclosed_altar, serial_bayou_crossing
Lair:8:   hangedman_lair_caniforms_friends, guppyfry_lair_end_dragon
Shoals:2: cheibrodos_shoals_oceanic_diplomacy, wheals_shoals_ruined_temple,
          uniq_polyphemus, uniq_frances
Shoals:3: cheibrodos_shoals_roost, serial_shops, shop
Shoals:4: shoals_end_grunt_ice, shoals_ilsuiw_ice, nicolae_shoals_seven_spires
Spider:1: mumra_spider_spiderweb
Spider:2: nicolae_spider_cling_halls, hangedman_spider_tarantella_strand,
          uniq_wiglaf, uniq_asterion, uniq_nikola
Spider:3: uniq_roxanne
Spider:4: grunt_spider_rune_parallel
Orc:2:    serial_shops, nicolae_shop_behind_doors, mines_bat_river, uniq_rupert
Orc:3:    basic_altar, nicolae_orc_pool_cavern
Orc:4:    st_orc_elflike, serial_shops, nicolae_shop_trees, uniq_josephine,
          uniq_donald, uniq_nessos
Ossuary:  ossuary_tomb_1
IceCv:    ice_cave_small_dragons

Action                   |  1- 3 |  4- 6 |  7- 9 | 10-12 | 13-15 | 16-18 | 19-21 || total
-------------------------+-------+-------+-------+-------+-------+-------+-------++-------
Melee: Falchion          |    35 |       |       |       |       |       |       ||    35
       Dagger            |    20 |    89 |   365 |   451 |    55 |   148 |    15 ||  1143
       Glaive            |       |       |       |    82 |  1072 |   884 |    53 ||  2091
       Rod               |       |       |       |       |       |     1 |       ||     1
Throw: Throwing net      |       |     1 |     1 |       |       |       |       ||     2
       Tomahawk          |       |       |     7 |     7 |       |       |       ||    14
 Cast: Shroud of Golubri |     6 |     7 |    10 |    11 |       |       |       ||    34
       Blink             |       |       |     7 |     3 |     7 |     1 |       ||    18
       Passage of Golubr |       |       |     1 |     8 |     4 |     6 |       ||    19
       Passwall          |       |       |       |       |       |     3 |     2 ||     5
       Teleport Other    |       |       |       |       |       |       |     2 ||     2
Invok: Quick Charge      |       |       |       |     5 |    13 |    15 |     1 ||    34
       Device Surge      |       |       |       |       |       |     1 |     3 ||     4
 Abil: Evoke Blink       |       |       |       |       |     3 |    22 |     2 ||    27
Evoke: Wand              |       |       |     7 |    59 |    83 |   146 |    28 ||   323
       Rod               |       |       |       |    16 |    77 |   166 |     7 ||   266
       Stone of tremors  |       |       |       |       |     4 |     2 |       ||     6
       Lamp of fire      |       |       |       |       |     3 |     4 |       ||     7
       Phial of floods   |       |       |       |       |     3 |     1 |       ||     4
       Fan of gales      |       |       |       |       |       |     5 |     1 ||     6
       Phantom mirror    |       |       |       |       |       |     1 |       ||     1
       Disc of storms    |       |       |       |       |       |     1 |     1 ||     2
       Box of beasts     |       |       |       |       |       |     1 |     3 ||     4
  Use: Potion            |     2 |       |     1 |     1 |     7 |    10 |       ||    21
       Scroll            |       |     5 |    13 |     9 |    13 |    14 |     2 ||    56
 Stab: Sleeping          |     3 |     7 |    26 |    47 |    41 |    48 |    11 ||   183
       Held in net/web   |       |     1 |       |       |       |       |       ||     1
       Paralysed         |       |       |     2 |    13 |    25 |    42 |     4 ||    86
       Distracted        |       |       |     1 |     2 |    13 |    14 |       ||    30
       Invisible         |       |       |       |       |    13 |    33 |     1 ||    47
       Confused          |       |       |       |       |     3 |     7 |       ||    10
  Eat: Meat ration       |     1 |     1 |     2 |     2 |     3 |     7 |       ||    16
       Chunk             |     1 |       |     6 |    17 |    31 |    16 |       ||    71
       Fruit             |     1 |       |     6 |     3 |     1 |    13 |       ||    24
       Beef jerky        |       |       |     2 |     2 |     5 |     7 |       ||    16
       Pizza             |       |       |     1 |       |     2 |     1 |       ||     4
       Bread ration      |       |       |       |     1 |     3 |     3 |       ||     7
       Royal jelly       |       |       |       |     1 |     1 |       |       ||     2
